 Dungeon Crawl Stone Soup version 0.17.1-3-g152610e (webtiles) character file.

86 Gargoyl the Skirmisher (level 4, 0/35 HPs)
             Began as a Demonspawn Abyssal Knight on Mar 15, 2016.
             Was a Follower of Lugonu.
             Succumbed to an adder's poison
             ... on level 2 of the Dungeon.
             The game lasted 00:02:59 (2680 turns).

Gargoyl the Skirmisher (Demonspawn Abyssal Knight)  Turns: 2680, Time: 00:02:59

Health: 0/35       AC:  5    Str: 13      XL:     4   Next: 27%
Magic:  6/6        EV: 11    Int: 13      God:    Lugonu [*.....]
Gold:   96         SH:  0    Dex: 11 (13) Spells: 0 memorised, 3 levels left

rFire  . . .     SeeInvis .     a - +1 hand axe
rCold  + . .     Clarity  .     b - +0 leather armour
rNeg   . . .     SustAt   .     (no shield)
rPois  .         Gourm    .     f - +0 helmet
rElec  .         Spirit   .     i - +0 cloak
rCorr  .         Warding  .     (no gloves)
rMut   .         Stasis   .     (no boots)
MR     .....                    (no amulet)
Stlth  +.........               (no ring)
                                (no ring)

@: lethally poisoned (0 -> -6), not resistant to hostile enchantments, very
unstealthy
A: claws 1, cold resistance 1
a: Depart the Abyss, Renounce Religion


You were on level 2 of the Dungeon.
You worshipped Lugonu.
Lugonu was aware of your devotion.
You were hungry.

You visited 1 branch of the dungeon, and saw 2 of its levels.
You visited the Abyss 1 time.

You collected 96 gold pieces.

Inventory:

Hand Weapons
 a - a +1 hand axe (weapon)
Armour
 b - a +0 leather armour (worn)
 f - a +0 helmet (worn)
 i - a +0 cloak (worn)
Scrolls
 d - 3 scrolls of identify {unknown}
 g - a scroll of remove curse {unknown}
Potions
 e - 2 potions of flight
Comestibles
 c - a bread ration
 h - 5 fruits


   Skills:
 + Level 3.5 Fighting
 + Level 2.4 Axes
 + Level 2.1 Armour
 + Level 1.7 Dodging
 + Level 1.3 Stealth
 + Level 3.0 Invocations


You had 3 spell levels left.
You didn't know any spells.

Dungeon Overview and Level Annotations

Branches:
Dungeon (2/15)

Altars:


Innate Abilities, Weirdness & Mutations

You have sharp fingernails.
Your flesh is cold resistant.


Message History

The adder is severely wounded.
You hit the worm.
The worm is heavily wounded.
The adder misses you. The worm barely misses you. The adder bites you.
* * * LOW HITPOINT WARNING * * *
You are more poisoned.
The adder poisons you!
Unknown command.
You closely miss the adder.
The adder is severely wounded.
You hit the worm.
The worm is heavily wounded.
* * * LOW HITPOINT WARNING * * *
You feel sick. The adder misses you. The worm closely misses you.
The adder barely misses you.
You hit the adder.
The adder is almost dead.
You hit the worm but do no damage.
The worm is heavily wounded.
You die...

#.......#.### #...... ##
#########.## #.##.## .. ..#
#...# #.##.## # .####.#
#...# #.##... #. ..##.#
#...#####.##### #. #.##.#
#......^......(
#.##.##.######...#####..####
#..$....#...............#
##.......>S@.<..........#
#..#####.w.............#
........#
####.#....####..####
....##..# #.#..............
... #..# #......†#######.#
.. ...# #.#.......# #.# .
##.## ####.......#.# #.# #.
#..........#.#####.# ..
#.##.#.##........#.#


You could see a worm and an adder.

Vanquished Creatures
  Robin (D:2)
  3 adders (D:2)
  An ooze (D:1)
  A giant gecko (D:2)
  2 giant cockroaches (D:1)
  9 goblins
  6 hobgoblins
  9 kobolds (D:1)
  3 bats
  A giant newt (D:2)
  7 rats
43 creatures vanquished.

Vanquished Creatures (others)
  4 toadstools (D:1)
4 creatures vanquished.

Grand Total: 47 creatures vanquished

Notes
Turn   | Place    | Note
--------------------------------------------------------------
     0 | Abyss:1  | Gargoyl the Demonspawn Abyssal Knight began the quest for the Orb.
     0 | Abyss:1  | Reached XP level 1. HP: 18/18 MP: 2/2
   122 | Abyss:1  | Noticed a quasit
   133 | D:1      | Escaped the Abyss
   476 | D:1      | Gained mutation: Your flesh is cold resistant. [demonic ancestry]
   476 | D:1      | Reached XP level 2. HP: 13/24 MP: 4/4
   869 | D:1      | Reached * piety under Lugonu
   869 | D:1      | Reached skill level 1 in Dodging
   999 | D:1      | Gained mutation: You have sharp fingernails. [demonic ancestry]
   999 | D:1      | Reached XP level 3. HP: 29/29 MP: 5/5
  2020 | D:2      | Noticed Robin
  2047 | D:2      | Killed Robin
  2047 | D:2      | Reached skill level 1 in Stealth
  2132 | D:2      | Reached XP level 4. HP: 22/35 MP: 6/6
  2679 | D:2      | HP: 1/35 [poisoned by an adder]
  2680 | D:2      | Succumbed to an adder's poison

Action                   |  1- 3 |  4- 6 || total
-------------------------+-------+-------++-------
Melee: Hand axe          |   138 |    32 ||   170
Invok: Depart the Abyss  |     1 |       ||     1
  Use: Potion            |     4 |       ||     4
 Stab: Sleeping          |     2 |     1 ||     3
  Eat: Chunk             |     4 |     1 ||     5
